 Dungeon Crawl Stone Soup version 0.26.1-16-g4e020e15dc (console) character file.

Game seed: 12735733628942128371

65 Colgate the Insei (level 4, 0/32 HPs)
             Began as a Merfolk Transmuter on Jan 1, 2024.
             Slain by an orc
             ... wielding a +0 hand axe
              (5 damage)
             ... on level 2 of the Dungeon.
             The game lasted 00:06:41 (2136 turns).

Colgate the Insei (Merfolk Transmuter)              Turns: 2136, Time: 00:06:41

Health: 0/32       AC:  2    Str: 11    XL:     4   Next: 14%
Magic:  5/7        EV: 13    Int: 12    God:
Gold:   90         SH:  0    Dex: 14    Spells: 4/7 levels left

rFire    . . .     SeeInvis .     - Unarmed
rCold    . . .     Faith    .   (no shield)
rNeg     . . .     Spirit   .   a - +0 robe
rPois    .         Reflect  .   (no helmet)
rElec    .         Harm     .   (no cloak)
rCorr    .         Rampage  .   (no gloves)
Will     .....                  (no boots)
Stlth    +.........             (no amulet)
HPRegen  0.10/turn              (no ring)
MPRegen  0.10/turn              (no ring)

@: wereblooded
A: change form in water, swift swim, stealthy swim
a: no special abilities


You were on level 2 of the Dungeon.
You visited 1 branch of the dungeon, and saw 2 of its levels.

You collected 90 gold pieces.

Inventory:

Armour
 a - a +0 robe (worn)
Scrolls
 d - 2 scrolls of identify {unknown}
 e - a scroll of amnesia {unknown}
Potions
 b - 4 potions of curing {unknown}
 c - a potion of flight {unknown}


   Skills:
 - Level 1.1 Fighting
 - Level 2.6 Dodging
 + Level 5.4 Unarmed Combat
 - Level 2.0 Spellcasting
 - Level 2.6 Transmutations


You had 4 spell levels left.
You knew the following spells:

 Your Spells              Type           Power        Failure   Level
a - Beastly Appendage     Tmut           14%          9%          1
b - Wereblood             Tmut           7%           14%         2

Your spell library contained the following spells:

 Spells                   Type           Power        Failure   Level
 Spider Form              Tmut/Pois      2%           43%         3
 Ice Form                 Ice/Tmut       4%           83%         4
 Blade Hands              Tmut           3%           94%         5


Dungeon Overview and Level Annotations

Branches:
Dungeon (2/15)

Altars:
The Shining One


Message History

You hit the orc but do no damage. You headbutt the orc, but do no damage.
The orc closely misses you. x2
You hit the orc. The orc barely misses you.
You barely miss the orc. You headbutt the orc.
You kill the orc!
The orc closely misses you. The orc misses you.
You hit the orc.
Your horns disappear.
The orc hits you.
* * * LOW HITPOINT WARNING * * *
The orc barely misses you.
You hit the orc.
You kill the orc!
The orc closely misses you.
You hit the orc. The orc hits you with a +0 hand axe.
* * * LOW HITPOINT WARNING * * *
You hit the orc.
You howl as the wereblood boils in your veins!
You closely miss the orc. The orc barely misses you.
You barely miss the orc. The orc hits you with a +0 hand axe.
You die...

... ....... #.#.......##....#
#...........######..##
#........)##....# #.......##### #...##
##..............###..........# #....##
##.. #........<).......#..........#
#.....# .....
##..#####.........#..........#
#.....## ......
###...####.........##...###...#
###....# ......
#...#..........##...#...###...# #....#
#.... #.###..........##...#.........#
###..###
##....##..........######...##........#
#....#
............#..##..........##.......#
#...##
........###.#..##...................#
##...# ...##...#
.....#...................# #...##
...##..$# ##....#.#####.............#
##...#
........####....#.#####.............#
#####8...##
##.....................######.......#
#...#.....# #...##................
#.......## #._.......# #...
#.......o[....... ####.........
#...#.....## ....? #####...@)....##.
#............ #####8.....# ....
#.........# #.....####... ##...### ...
#.........# #.....# ### #....#
#.........# #.....########### ##...#
#....##.### #...............# ##..##
#....' ># ###############.# #...#
#.[..## # #.# ##...# ####.# #.# #...##
#.# ##....# #.# ##....## #.# ##.....#
#.# #.....## #.###....## #.##....##
#......## ########


You could see an orc.

Vanquished Creatures
  A gnoll (D:2)
  An ooze (D:1)
  3 worms (D:2)
  A dart slug (D:1)
  2 orcs (D:2)
  2 ball pythons
  A giant cockroach (D:2)
  4 goblins
  5 hobgoblins
  A quokka (D:1)
  5 bats
  A frilled lizard (D:1)
  8 kobolds
  5 rats (D:1)
40 creatures vanquished.

Notes
Turn   | Place    | Note
-------+----------+-------------------------------------------
     0 | D:1      | Colgate the Merfolk Transmuter began the quest for the Orb.
     0 | D:1      | Reached XP level 1. HP: 15/15 MP: 3/3
   508 | D:1      | Reached XP level 2. HP: 21/21 MP: 3/5
   604 | D:1      | Reached skill level 4 in Unarmed Combat
   880 | D:1      | Learned a level 2 spell: Wereblood
   909 | D:1      | Reached XP level 3. HP: 23/26 MP: 2/6
  1515 | D:2      | Found a glowing golden altar of the Shining One.
  1625 | D:2      | Reached skill level 5 in Unarmed Combat
  1836 | D:2      | Reached XP level 4. HP: 12/32 MP: 7/7
  2136 | D:2      | Slain by an orc

Illustrated notes

Levels and vault maps discovered:
D:1:      dpeg_arrival_arbitrary_a, layout_basic
D:2:      layout_basic, okawaru_ov_weapons_minmay, nicolae_tso_carved_into_rock

Skill      XL: |  1  2  3 |
---------------+----------+-----
Unarmed Combat | 4 5 |  5.4
Fighting       | |  1.1
Dodging        | |  2.6
Spellcasting   | |  2.0
Transmutations | |  2.6

Action                   |  1- 3 |  4- 6 || total
-------------------------+-------+-------++-------
Melee: Unarmed           |   122 |    15 ||   137
       Headbutt          |    15 |     3 ||    18
       Punch             |     1 |       ||     1
 Cast: Beastly Appendage |    27 |     1 ||    28
       Wereblood         |     3 |     1 ||     4
 Stab: Sleeping          |     1 |       ||     1
Armor: Robe              |    11 |       ||    11
Dodge: Dodged            |    62 |    15 ||    77
